 Dungeon Crawl Stone Soup version 0.19-a0-1792-g28b16ba (webtiles) character file.

7538 JeffiDaFish the Covert (level 10, 0/74 HPs)
             Began as a Vampire Enchanter on Oct 4, 2016.
             Was a Priest of Dithmenos.
             Slain by a river rat (9 damage)
             ... on level 2 of the Lair of Beasts on Oct 5, 2016.
             The game lasted 01:12:02 (15253 turns).

JeffiDaFish the Covert (Vampire Enchanter)         Turns: 15253, Time: 01:12:03

Health: 0/74       AC:  0    Str:  9    XL:     10   Next: 96%
Magic:  18/21      EV: 27    Int: 18    God:    Dithmenos [***...]
Gold:   688        SH:  0    Dex: 21    Spells: 4 memorised, 12 levels left

rFire  . . .     SeeInvis +     (weapon currently unavailable)
rCold  . . .     Gourm    .     (armour currently unavailable)
rNeg   + . .     Faith    .     (shield currently unavailable)
rPois  .         Spirit   .     (helmet currently unavailable)
rElec  .         Dismiss  .     (cloak currently unavailable)
rCorr  .         Reflect  .     (gloves currently unavailable)
MR     +....     Harm     .     (boots currently unavailable)
Stlth  +++++++++.               (no amulet)
                                (ring currently unavailable)
                                (ring currently unavailable)

@: bat-form, flying, very slightly contaminated, wreathed by umbra, very quick
A: fangs 3, see invisible, high mp 1, (unbreathing)
a: End Transformation, Shadow Step, Renounce Religion


You were on level 2 of the Lair of Beasts.
You worshipped Dithmenos.
Dithmenos was most pleased with you.
You were not thirsty.
You were in vampire-bat-form.
You visited 2 branches of the dungeon, and saw 11 of its levels.

You collected 688 gold pieces.

Inventory:

Hand Weapons
 a - a +3 dagger (melded)
Missiles
 i - 4 curare-tipped needles (quivered)
Armour
 b - a +2 robe
 j - a +2 robe of magic resistance (melded)
Jewellery
 h - a ring of stealth (melded)
Wands
 o - a wand of lightning (15/15)
 p - a wand of enslavement (10/24)
 u - a wand of iceblast (6/15)
Scrolls
 k - 8 scrolls of identify
 l - 3 scrolls of magic mapping
 r - 2 scrolls of recharging
 s - a scroll of teleportation
Potions
 d - 12 potions of blood
 e - 2 potions of heal wounds
 n - a potion of ambrosia
 q - a potion of haste
 t - a potion of flight
Books
 c - a book of Maledictions

   Spells                             Type                      Level
   a - Corona                         Hexes                        1
   b - Ensorcelled Hibernation        Hexes/Ice                    2
   c - Confuse                        Hexes                        3
   d - Tukima's Dance                 Hexes                        3
   e - Dazzling Spray                 Conjuration/Hexes            3
Comestibles
 f - 3 royal jellies


   Skills:
 + Level 5.4 Fighting
 + Level 7.3 Short Blades
 + Level 7.3 Dodging
 + Level 11.9 Stealth
 + Level 6.4 Spellcasting
 + Level 9.4 Hexes
 + Level 5.4 Ice Magic


You had 12 spell levels left.
You knew the following spells:

 Your Spells              Type           Power        Failure   Level  Hunger
a - Corona                Hex            #####..      1%          1    None
b - Ensorcelled Hibernat  Hex/Ice        ####..       1%          2    None
c - Confuse               Hex            #####...     1%          3    ##.....
d - Dazzling Spray        Conj/Hex       ###...       6%          3    ##.....


Dungeon Overview and Level Annotations

Branches:
Dungeon (9/15)               Lair (2/6) D:8             Orc (0/2) D:9
 Temple: D:4-7        Swamp: Lair:2-4    Shoals: Lair:2-4     Snake: Lair:2-4
 Spider: Lair:2-4

Altars:
Dithmenos
Elyvilon
Fedhas
Gozag
Hepliaklqana
Kikubaaqudgha
Makhleb
Nemelex Xobeh
Okawaru
Ru
Uskayaw
Yredelemnul
Beogh


Innate Abilities, Weirdness & Mutations

You have razor-sharp teeth.
You have supernaturally acute eyesight. (SInv)
((You can survive without breathing.))
You have an increased reservoir of magic. (+10% MP)


Message History

You feel strangely unstable.
You feel sick. The spiny frog stings you!!
* * * LOW HITPOINT WARNING * * *
Blink to where?
Press: ? - help, Dir - move target cursor, p - river rat You are very lightly contaminated with residual magic.
As you read the scroll of blinking, it crumbles to dust.
* * * LOW HITPOINT WARNING * * *
You feel sick.
You feel better.
Your surroundings suddenly seem different.
The river rat is no longer blind.
You turn into a vampire bat.
Your +3 dagger melds into your body.
Your +2 robe of magic resistance melds into your body.
Your ring of stealth melds into your body.
You feel less resistant to hostile enchantments.
The river rat bites you.
* * * LOW HITPOINT WARNING * * *
The river rat misses you. The spiny frog misses you. The river rat bites you!
You die... # ### # ## ##..
PP#

#######.# ##. #....
..###.#....#####.##.....
#..##.......##P#........
##.........##...........
.............rF.bP......
............#.rr........
............#..#........
........................
..................#.....
........................
.%......................
%P.............$........
P%..........ยง.......


You could see a spiny frog and 3 river rats.

Vanquished Creatures
  Joseph (D:8)
  2 spiny frogs
  A hornet (D:9)
  A hippogriff (Lair:2)
  A spriggan (D:8)
  Sigmund (D:3)
  2 basilisks (Lair:1)
  5 yaks
  2 water moccasins
  2 porcupines (Lair:1)
  A black bear (D:5)
  2 ice beasts
  2 sky beasts
  6 orc warriors
  3 centaurs
  A phantom (D:8)
  3 crocodiles (Lair:1)
  2 big kobolds
  6 bullfrogs
  A gnoll sergeant (D:8)
  A wyvern zombie (D:8)
  3 scorpions
  11 killer bees
  A howler monkey (D:8)
  A wight (D:9)
  5 crimson imps
  5 orc priests
  2 jellies (D:6)
  2 quasits
  A centaur zombie (D:6)
  6 hounds
  5 orc wizards
  A centaur skeleton (D:9)
  3 bullfrog skeletons
  7 worker ants
  6 iguanas
  3 killer bee zombies
  A worker ant zombie (D:6)
  7 gnolls
  14 river rats
  9 adders
  A shadow imp (D:8)
  An ooze (D:4)
  2 adder skeletons
  2 worms
  5 dart slugs
  7 leopard geckos
  33 orcs
  17 bats
  4 giant cockroaches
  7 hobgoblins
  2 jackals (D:1)
  3 quokkas
  2 ball pythons
  5 frilled lizards
  7 goblins
  22 kobolds
  23 rats
  A bush (D:3)
283 creatures vanquished.

Vanquished Creatures (others)
  16 fungi
  13 plants
29 creatures vanquished.

Grand Total: 312 creatures vanquished

Notes
Turn   | Place    | Note
-------+----------+-------------------------------------------
     0 | D:1      | JeffiDaFish the Vampire Enchanter began the quest for the Orb.
     0 | D:1      | Reached XP level 1. HP: 13/13 MP: 3/3
   499 | D:1      | Reached XP level 2. HP: 11/19 MP: 5/5
  1503 | D:2      | Reached XP level 3. HP: 25/25 MP: 6/6
  1570 | D:2      | Found a sacrificial altar of Ru.
  1955 | D:1      | Learned a level 2 spell: Ensorcelled Hibernation
  1999 | D:1      | Learned a level 3 spell: Confuse
  2248 | D:1      | Reached skill level 1 in Fighting
  2347 | D:2      | Reached XP level 4. HP: 32/32 MP: 3/7
  2601 | D:2      | Reached skill level 5 in Stealth
  2788 | D:3      | Found a faded altar of an unknown god.
  2976 | D:3      | Noticed Sigmund
  2978 | D:3      | Killed Sigmund
  2978 | D:3      | Reached skill level 6 in Stealth
  2978 | D:3      | Reached skill level 5 in Hexes
  2978 | D:3      | Reached XP level 5. HP: 37/37 MP: 8/8
  3205 | D:3      | Gained mutation: You have an increased reservoir of magic. (+10% MP) [potion of beneficial mutation]
  3283 | D:3      | Reached XP level 6. HP: 43/43 MP: 11/11
  4826 | D:4      | Reached skill level 7 in Stealth
  4826 | D:4      | Reached skill level 1 in Ice Magic
  5342 | D:5      | Entered Level 5 of the Dungeon
  5382 | D:5      | Reached XP level 7. HP: 48/48 MP: 12/12
  5413 | D:5      | Reached skill level 8 in Stealth
  6288 | D:5      | Reached XP level 8. HP: 56/56 MP: 15/15
  6370 | D:5      | You fall through a shaft for 3 floors!
  6668 | D:6      | Reached skill level 9 in Stealth
  6709 | D:6      | Found a shadowy altar of Dithmenos.
  6723 | D:6      | Became a worshipper of Dithmenos the Shadowed
  7477 | D:6      | Reached skill level 10 in Stealth
  7889 | D:6      | Reached skill level 5 in Short Blades
  8576 | D:8      | Reached skill level 5 in Dodging
  8782 | D:8      | Found a blossoming altar of Fedhas.
  8782 | D:8      | Found an ancient bone altar of Kikubaaqudgha.
  8863 | D:8      | Noticed Joseph
  8895 | D:8      | Killed Joseph
  8895 | D:8      | Reached XP level 9. HP: 21/64 MP: 12/18
  9751 | D:8      | Reached skill level 5 in Spellcasting
  9760 | D:8      | Reached * piety under Dithmenos
 10368 | D:8      | Found a blossoming altar of Fedhas.
 10642 | D:8      | Found a staircase to the Lair.
 10727 | D:8      | Found a sparkling altar of Nemelex Xobeh.
 10777 | D:8      | Found a hide-covered altar of Uskayaw.
 10928 | D:8      | Reached skill level 11 in Stealth
 10933 | D:8      | Reached ** piety under Dithmenos
 11510 | D:8      | Found a burning altar of Makhleb.
 11510 | D:8      | Found a hazy altar of Hepliaklqana.
 11556 | D:8      | Reached XP level 10. HP: 68/72 MP: 3/20
 11703 | D:8      | Found a roughly hewn altar of Beogh.
 11973 | D:9      | Found a staircase to the Orcish Mines.
 12249 | D:9      | Reached *** piety under Dithmenos
 12324 | D:9      | Learned a level 3 spell: Dazzling Spray
 12484 | D:9      | Found an iron altar of Okawaru.
 12486 | D:9      | Found a basalt altar of Yredelemnul.
 12806 | D:9      | Found a white marble altar of Elyvilon.
 12985 | D:9      | Found an opulent altar of Gozag.
 13565 | Lair:1   | Entered Level 1 of the Lair of Beasts
 13567 | Lair:1   | Reached skill level 5 in Ice Magic
 13605 | Lair:1   | Reached skill level 5 in Fighting
 14310 | Lair:1   | Noticed a spiny frog
 14334 | Lair:1   | Killed a spiny frog
 15083 | Lair:2   | Noticed a spiny frog
 15085 | Lair:2   | Killed a spiny frog
 15231 | Lair:2   | Noticed a spiny frog
 15242 | Lair:2   | HP: 2/74 [spiny frog (22)]
 15253 | Lair:2   | Slain by a river rat

Vault maps used:
D:1:      tarquinn_simple_flora_water_e, serial_bayou_ford_a,
          minmay_misc_feat_room
D:2:      old_standard_altar
D:3:      ecumenical_altar_2, lexackson_kobold_supper, uniq_sigmund
D:4:      first_bread
D:5:      black_bear_nest_2
D:6:      grunt_dithmenos_smoke
D:7:      overflow_temple_1_default
D:8:      grunt_temple_overflow_growth_and_decay, lemuel_doored_altar,
          gammafunk_temple_overflow_elements, lemuel_crystal_altar,
          grunt_lair_entry_orc_guard_hut, special_room, the_bakery,
          fedhas_altar_2, uniq_joseph
D:9:      elyvilon_altar_1, nicolae_gozag_cash_rules_everything_around_me,
          grunt_temple_overflow_open, orc_0_dummy
Lair:2:   serial_bayou_shore_b, bh_autumn_forest_stairs, lemuel_fruit_tree,
          uniq_nergalle

Skill      XL: |  1  2  3  4  5  6  7  8  9 10 |
---------------+-------------------------------+-----
Short Blades   | 2 3 4 5 6 7 |  7.3
Fighting       | 1 2 3 4 5 |  5.4
Stealth        | 6 7 8 10 11 | 11.9
Dodging        | 3 4 5 6 7 |  7.3
Hexes          | 5 6 7 8 9 |  9.4
Ice Magic      | 1 2 4 5 |  5.4
Spellcasting   | 3 4 5 6 |  6.4

Action                   |  1- 3 |  4- 6 |  7- 9 | 10-12 || total
-------------------------+-------+-------+-------+-------++-------
Melee: Dagger            |   171 |   389 |   637 |   266 ||  1463
       Bite              |     9 |    45 |    53 |    25 ||   132
 Cast: Corona            |     1 |       |       |       ||     1
       Ensorcelled Hiber |     5 |    11 |    46 |    29 ||    91
       Confuse           |     2 |     1 |    47 |    25 ||    75
       Dazzling Spray    |       |       |       |     5 ||     5
 Abil: Bat Form          |     1 |       |     3 |     1 ||     5
       End Transformatio |     1 |       |     3 |       ||     4
  Use: Scroll            |     4 |     6 |     7 |     6 ||    23
       Potion            |     8 |    13 |    25 |    17 ||    63
 Stab: Sleeping          |     6 |    33 |    39 |    31 ||   109
       Confused          |     2 |       |    20 |    12 ||    34
       Distracted        |     1 |       |     1 |       ||     2
       Invisible         |       |       |       |     3 ||     3
Armor: Robe              |    69 |    32 |    75 |    12 ||   188
Dodge: Dodged            |   159 |   114 |   379 |   165 ||   817
